 Dungeon Crawl Stone Soup version 0.31-a0-1300-gb6740aa4e6 (webtiles) character file.

Game seed: 17174383002696654465

423 bmb222 the Magician (level 7, -2/52 HPs)
             Began as a Djinni Fire Elementalist on Dec 18, 2023.
             Was an Initiate of Ashenzari.
             Slain by an ogre
             ... wielding a +0 giant spiked club
              (23 damage)
             ... on level 5 of the Dungeon.
             The game lasted 00:06:00 (4671 turns).

bmb222 the Magician (Djinni Fire Elementalist)      Turns: 4671, Time: 00:06:01

Health: -2/52      AC:  4    Str:  7    XL:     7   Next: 17%
Gold:   229        EV: 12    Int: 19    God:    Ashenzari [......] SH:  0 Dex: 13

rFire   + + .        b - +1 spear (vamp)
rCold   x . .        (no shield)
rNeg    . . .        a - +0 robe
rPois   ∞            j - +0 helmet
rElec   .            o - +0 cloak
rCorr   .            (no gloves)
SInv    .            (boots unavailable)
Will    .....        (no amulet)
Stlth   ++           (no ring)
HPRegen 0.28/turn    (no ring)
MPRegen 0.00/turn

%: infuse magic (-3 HP)
@: flying
A: sickness immunity, fire resistance 2, cold vulnerability 1, float, innate
caster, HP casting, extra vitality 1
a: Renounce Religion, Curse Item


You were on level 5 of the Dungeon.
You worshipped Ashenzari.
Ashenzari was noncommittal.
You visited 2 branches of the dungeon, and saw 6 of its levels.

You collected 229 gold pieces.

Inventory:

Hand Weapons
 b - a +1 vampiric spear (weapon)
Armour
 a - a +0 robe (worn)
 h - an orb of energy
 j - a +0 helmet (worn)
 o - a +0 cloak (worn)
Scrolls
 c - a scroll of noise {unknown}
 d - 6 scrolls of identify {unknown}
 g - a scroll of teleportation {unknown}
 l - a scroll of enchant armour {unknown}
 m - a scroll of vulnerability {unknown}
 n - 2 scrolls of blinking {unknown}
 q - a scroll of fear {unknown}
Potions
 e - a potion of attraction {unknown}
 f - 2 potions of ambrosia {unknown}
 i - a potion of curing {unknown}
 k - a potion of enlightenment {unknown}
 p - a potion of heal wounds {unknown}


   Skills:
 * Level 4.0 Fighting
 + Level 1.1 Polearms
 - Level 2.5 Dodging
 - Level 1.9 Stealth
 * Level 4.6 Spellcasting
 * Level 4.6 Conjurations
 * Level 4.6 Hexes
 * Level 4.6 Summonings
 * Level 4.6 Necromancy
 * Level 4.6 Translocations
 * Level 4.6 Transmutations
 * Level 4.6 Fire Magic
 * Level 4.6 Ice Magic
 * Level 4.6 Air Magic
 * Level 4.6 Earth Magic
 * Level 4.6 Poison Magic


You knew the following spells:

 Your Spells              Type           Power      Damage    Failure   Level
a - Foxfire               Conj/Fire      84%        2x1d8     1%          1
b - Scorch                Fire           42%        2d6       3%          2
c - Volatile Blastmotes   Fire/Tloc      42%        2d13      6%          3
d - Inner Flame           Hex/Fire       21%        N/A       6%          3
e - Flame Wave            Conj/Fire      21%        2d8       19%         4
f - Sting                 Tmut/Pois      84%        1d7       1%          1
g - Passwall              Tmut/Erth      17%        N/A       3%          2
h - Summon Guardian Gole  Hex/Summ       21%        N/A       6%          3
Your spell library was empty.

Dungeon Overview and Level Annotations

Branches:
Dungeon (5/15)             Temple (1/1) D:4

Altars:
Ashenzari
Dithmenos
Elyvilon
Gozag
Ru
Xom
Zin
The Shining One

Shops:
D:1 ?*(   D:2 (   D:3 [


Innate Abilities, Weirdness & Mutations

You are immune to sickness and miasma.
You are immune to poison.
Your flesh is very heat resistant. (rF++)
You are vulnerable to cold. (rC-)
You float through the air rather than walking.
You learn spells naturally, not from books.
Your magical power is your life essence.
You have superior vitality. (+4 MHP)


Message History

The scorpion attacks as it pursues you! The scorpion closely misses you.
The scorpion stings you.
The scorpion is no longer more vulnerable to fire.
Casting: Flame Wave (quite dangerous; 22% risk of failure)
Confirm with . or Enter, or press ? or * to list all spells.
Okay, then.
Casting: Flame Wave (quite dangerous; 22% risk of failure)
Confirm with . or Enter, or press ? or * to list all spells.
Okay, then.
Casting: Flame Wave (quite dangerous; 22% risk of failure)
Confirm with . or Enter, or press ? or * to list all spells.
Flames lash the ogre.
You kill the ogre!
The scorpion stings you.
Your magical contamination has completely faded away.
Unknown command.
Unknown command.
Casting: Scorch (safe; 3% risk of failure)
Confirm with . or Enter, or press ? or * to list all spells.
Flames lash the scorpion.
You kill the scorpion!
Your Fighting skill increases to level 4!
You have reached level 7!
The power to cast Summon Guardian Golem wells up from within.
Spell assigned to 'h'.
Casting: Scorch (safe; 3% risk of failure)
Confirm with . or Enter, or press ? or * to list all spells.
Flames lash the ogre.
The ogre is moderately wounded.
The ogre's fire resistance burns away.
Casting: Scorch (safe; 3% risk of failure)
Confirm with . or Enter, or press ? or * to list all spells.
Flames lash the ogre.
The ogre is moderately wounded.
Casting: Scorch (safe; 3% risk of failure)
Confirm with . or Enter, or press ? or * to list all spells.
Flames lash the ogre.
The ogre is burned terribly!
The ogre is severely wounded.
The ogre hits you with a +0 giant spiked club!!
You die...

#############
######...........#####
###...................8#
###...........@O.).......#
##...:...[..#########.....#
##........#### .....###..##
#.......### .[........#
........# ?8(.......#
#.......# .$......###
##.....## .....####
###....# ##### #####..#


You could see an ogre (combustible).

Vanquished Creatures
  An ogre (D:5)
  2 scorpions
  Robin (D:2)
  9 gnolls
  3 adders
  A worm (D:2)
  3 dart slugs
  6 endoplasms
  2 giant cockroaches
  10 hobgoblins
  2 jackals (D:4)
  2 quokkas
  8 ball pythons
  6 bats
  4 frilled lizards
  15 goblins
  10 kobolds
  3 rats (D:2)
88 creatures vanquished.

Vanquished Creatures (others)
  71 foxfires
71 creatures vanquished.

Grand Total: 159 creatures vanquished

Notes
Turn   | Place    | Note
-------+----------+-------------------------------------------
     0 | D:1      | bmb222 the Djinni Fire Elementalist began the quest for the
                  | Orb.
     0 | D:1      | bmb222 set off with the following spells memorised:
                  | Foxfire, Scorch, Volatile Blastmotes, Inner Flame, Flame
                  | Wave.
     0 | D:1      | Reached XP level 1. HP: 15/15 MP: 0/0
    78 | D:1      | Found Lidghukhle's Magic Scroll Boutique.
   170 | D:1      | Reached XP level 2. HP: 20/21 MP: 0/0
   463 | D:1      | Found Apsadgh's Antique Weapon Shop.
   646 | D:1      | Found Fashaire's Assorted Antiques.
   959 | D:2      | Found Wusieceq's Weapon Shoppe.
  1081 | D:2      | Reached XP level 3. HP: 26/26 MP: 0/0
  1081 | D:2      | Learned a level 1 spell: Sting
  1128 | D:2      | Noticed Robin
  1454 | D:2      | Reached skill level 1 in Fighting
  1462 | D:2      | Reached XP level 4. HP: 9/32 MP: 0/0
  2035 | D:2      | Killed Robin
  2036 | D:2      | Reached XP level 5. HP: 27/38 MP: 0/0
  2036 | D:2      | Learned a level 2 spell: Passwall
  2392 | D:3      | Found Liefuhu's Armour Shoppe.
  2631 | D:3      | Found a sacrificial altar of Ru.
  3128 | D:4      | Reached skill level 1 in Polearms
  3550 | D:4      | Reached XP level 6. HP: 36/46 MP: 0/0
  3634 | D:4      | Found a staircase to the Ecumenical Temple.
  3662 | Temple   | Entered the Ecumenical Temple
  3681 | Temple   | Became a worshipper of Ashenzari the Shackled
  4170 | D:4      | Found a white marble altar of Elyvilon.
  4559 | D:5      | Entered Level 5 of the Dungeon
  4652 | D:5      | Noticed an ogre
  4652 | D:5      | Noticed an ogre
  4667 | D:5      | Killed an ogre
  4669 | D:5      | Reached XP level 7. HP: 26/52 MP: 0/0
  4669 | D:5      | Learned a level 3 spell: Summon Guardian Golem
  4671 | D:5      | Slain by an ogre

Illustrated notes

Levels and vault maps discovered:
D:1:      saegor_arrival_simple_e, layout_basic, serial_shops, shop,
          shop_scrolls, nicolae_square_shop, minmay_crystal_water, st_stairs_1,
          serial_bayou_lake_a
D:2:      minmay_diamond_boxcup, layout_rooms, serial_shops,
          nicolae_shop_crystal, dreamdust_wishing_well, uniq_robin
D:3:      layout_basic, mainiacjoe_overflow_brackets, serial_shops, shop
D:4:      layout_cave_pods, amcnicky_altar_gilded,
          minmay_temple_entry_large_hall, dk_rats_in_the_wall
D:5:      kennysheep_spiral_hall, layout_basic,
          mainiacjoe_overflow_six_doors_small
Temple:   nicolae_temple_bog_church

Skill      XL: |  1  2  3  4  5  6 |
---------------+-------------------+-----
Spellcasting   | 4 |  4.6
Conjurations   | 4 |  4.6
Hexes          | 4 |  4.6
Summonings     | 4 |  4.6
Necromancy     | 4 |  4.6
Translocations | 4 |  4.6
Transmutations | 4 |  4.6
Fire Magic     | 4 |  4.6
Ice Magic      | 4 |  4.6
Air Magic      | 4 |  4.6
Earth Magic    | 4 |  4.6
Poison Magic   | 4 |  4.6
Fighting       | 1 2 3 4 |  4.0
Polearms       | 1 |  1.1
Dodging        | |  2.5
Stealth        | |  1.9

Action                     |  1- 3 |  4- 6 |  7- 9 || total
---------------------------+-------+-------+-------++-------
  Melee: Spear             |    24 |    26 |       ||    50
   Cast: Foxfire           |    46 |       |       ||    46
         Scorch            |       |    81 |     3 ||    84
 Armour: Robe              |    15 |    43 |     1 ||    59
  Dodge: Dodged            |    24 |    36 |       ||    60

Table legend: (Time is in decaauts)
 A = Elapsed time spent in this place.
 B = Non-inter-level travel time spent in this place.
 C = Inter-level travel time spent in this place.
 D = Time resting spent in this place.
 E = Time spent auto-exploring this place.
 F = Levels seen in this place.
 G = Mean time per level.
                   A        B        C        D        E       F      G
               +--------+--------+--------+--------+--------+-----+--------+
         Total |   4677 |   4320 |    357 |    703 |   3048 |   6 |  779.5 |
       Dungeon |   4638 |   4317 |    321 |    703 |   3048 |   5 |  927.6 |
        Temple |     38 |      2 |     36 |      0 |      0 |   1 |   38.0 |
               +--------+--------+--------+--------+--------+-----+--------+

Top non-repeatable levels by time:
     D:1: 1229 daAuts
     D:4: 1201 daAuts
     D:2: 1148 daAuts
     D:3: 948 daAuts
     D:5: 111 daAuts
  Temple: 38 daAuts
